Workbook

Sheet 月別集計
A1: 月別集計 20XX年 | J1: 年 | K1: 2026
A2: 売上帳・経費帳から、月ごと・科目ごとに自動で集計します(年を入れると、その年の日付だけを集計)。
A4: 項目 | B4: 1月 | C4: 2月 | D4: 3月 | E4: 4月 | F4: 5月 | G4: 6月 | H4: 7月 | I4: 8月 | J4: 9月 | K4: 10月 | L4: 11月 | M4: 12月 | N4: 合計
A5: 売上高 | B5: =SUMIFS(売上帳!$F$5:$F$154,売上帳!$A$5:$A$154,">="&DATE($K$1,1,1),売上帳!$A$5:$A$154,"<"&DATE($K$1,2,1)) | C5: =SUMIFS(売上帳!$F$5:$F$154,売上帳!$A$5:$A$154,">="&DATE($K$1,2,1),売上帳!$A$5:$A$154,"<"&DATE($K$1,3,1)) | D5: =SUMIFS(売上帳!$F$5:$F$154,売上帳!$A$5:$A$154,">="&DATE($K$1,3,1),売上帳!$A$5:$A$154,"<"&DATE($K$1,4,1)) | E5: =SUMIFS(売上帳!$F$5:$F$154,売上帳!$A$5:$A$154,">="&DATE($K$1,4,1),売上帳!$A$5:$A$154,"<"&DATE($K$1,5,1)) | F5: =SUMIFS(売上帳!$F$5:$F$154,売上帳!$A$5:$A$154,">="&DATE($K$1,5,1),売上帳!$A$5:$A$154,"<"&DATE($K$1,6,1)) | G5: =SUMIFS(売上帳!$F$5:$F$154,売上帳!$A$5:$A$154,">="&DATE($K$1,6,1),売上帳!$A$5:$A$154,"<"&DATE($K$1,7,1)) | H5: =SUMIFS(売上帳!$F$5:$F$154,売上帳!$A$5:$A$154,">="&DATE($K$1,7,1),売上帳!$A$5:$A$154,"<"&DATE($K$1,8,1)) | I5: =SUMIFS(売上帳!$F$5:$F$154,売上帳!$A$5:$A$154,">="&DATE($K$1,8,1),売上帳!$A$5:$A$154,"<"&DATE($K$1,9,1)) | J5: =SUMIFS(売上帳!$F$5:$F$154,売上帳!$A$5:$A$154,">="&DATE($K$1,9,1),売上帳!$A$5:$A$154,"<"&DATE($K$1,10,1)) | K5: =SUMIFS(売上帳!$F$5:$F$154,売上帳!$A$5:$A$154,">="&DATE($K$1,10,1),売上帳!$A$5:$A$154,"<"&DATE($K$1,11,1)) | L5: =SUMIFS(売上帳!$F$5:$F$154,売上帳!$A$5:$A$154,">="&DATE($K$1,11,1),売上帳!$A$5:$A$154,"<"&DATE($K$1,12,1)) | M5: =SUMIFS(売上帳!$F$5:$F$154,売上帳!$A$5:$A$154,">="&DATE($K$1,12,1),売上帳!$A$5:$A$154,"<"&DATE($K$1+1,1,1)) | N5: =SUM(B5:M5)
A6: 仕入高 | B6: =SUMIFS(経費帳!$E$5:$E$154,経費帳!$B$5:$B$154,$A6,経費帳!$A$5:$A$154,">="&DATE($K$1,1,1),経費帳!$A$5:$A$154,"<"&DATE($K$1,2,1)) | C6: =SUMIFS(経費帳!$E$5:$E$154,経費帳!$B$5:$B$154,$A6,経費帳!$A$5:$A$154,">="&DATE($K$1,2,1),経費帳!$A$5:$A$154,"<"&DATE($K$1,3,1)) | D6: =SUMIFS(経費帳!$E$5:$E$154,経費帳!$B$5:$B$154,$A6,経費帳!$A$5:$A$154,">="&DATE($K$1,3,1),経費帳!$A$5:$A$154,"<"&DATE($K$1,4,1)) | E6: =SUMIFS(経費帳!$E$5:$E$154,経費帳!$B$5:$B$154,$A6,経費帳!$A$5:$A$154,">="&DATE($K$1,4,1),経費帳!$A$5:$A$154,"<"&DATE($K$1,5,1)) | F6: =SUMIFS(経費帳!$E$5:$E$154,経費帳!$B$5:$B$154,$A6,経費帳!$A$5:$A$154,">="&DATE($K$1,5,1),経費帳!$A$5:$A$154,"<"&DATE($K$1,6,1)) | G6: =SUMIFS(経費帳!$E$5:$E$154,経費帳!$B$5:$B$154,$A6,経費帳!$A$5:$A$154,">="&DATE($K$1,6,1),経費帳!$A$5:$A$154,"<"&DATE($K$1,7,1)) | H6: =SUMIFS(経費帳!$E$5:$E$154,経費帳!$B$5:$B$154,$A6,経費帳!$A$5:$A$154,">="&DATE($K$1,7,1),経費帳!$A$5:$A$154,"<"&DATE($K$1,8,1)) | I6: =SUMIFS(経費帳!$E$5:$E$154,経費帳!$B$5:$B$154,$A6,経費帳!$A$5:$A$154,">="&DATE($K$1,8,1),経費帳!$A$5:$A$154,"<"&DATE($K$1,9,1)) | J6: =SUMIFS(経費帳!$E$5:$E$154,経費帳!$B$5:$B$154,$A6,経費帳!$A$5:$A$154,">="&DATE($K$1,9,1),経費帳!$A$5:$A$154,"<"&DATE($K$1,10,1)) | K6: =SUMIFS(経費帳!$E$5:$E$154,経費帳!$B$5:$B$154,$A6,経費帳!$A$5:$A$154,">="&DATE($K$1,10,1),経費帳!$A$5:$A$154,"<"&DATE($K$1,11,1)) | L6: =SUMIFS(経費帳!$E$5:$E$154,経費帳!$B$5:$B$154,$A6,経費帳!$A$5:$A$154,">="&DATE($K$1,11,1),経費帳!$A$5:$A$154,"<"&DATE($K$1,12,1)) | M6: =SUMIFS(経費帳!$E$5:$E$154,経費帳!$B$5:$B$154,$A6,経費帳!$A$5:$A$154,">="&DATE($K$1,12,1),経費帳!$A$5:$A$154,"<"&DATE($K$1+1,1,1)) | N6: =SUM(B6:M6)
A7: 租税公課 | B7: =SUMIFS(経費帳!$E$5:$E$154,経費帳!$B$5:$B$154,$A7,経費帳!$A$5:$A$154,">="&DATE($K$1,1,1),経費帳!$A$5:$A$154,"<"&DATE($K$1,2,1)) | C7: =SUMIFS(経費帳!$E$5:$E$154,経費帳!$B$5:$B$154,$A7,経費帳!$A$5:$A$154,">="&DATE($K$1,2,1),経費帳!$A$5:$A$154,"<"&DATE($K$1,3,1)) | D7: =SUMIFS(経費帳!$E$5:$E$154,経費帳!$B$5:$B$154,$A7,経費帳!$A$5:$A$154,">="&DATE($K$1,3,1),経費帳!$A$5:$A$154,"<"&DATE($K$1,4,1)) | E7: =SUMIFS(経費帳!$E$5:$E$154,経費帳!$B$5:$B$154,$A7,経費帳!$A$5:$A$154,">="&DATE($K$1,4,1),経費帳!$A$5:$A$154,"<"&DATE($K$1,5,1)) | F7: =SUMIFS(経費帳!$E$5:$E$154,経費帳!$B$5:$B$154,$A7,経費帳!$A$5:$A$154,">="&DATE($K$1,5,1),経費帳!$A$5:$A$154,"<"&DATE($K$1,6,1)) | G7: =SUMIFS(経費帳!$E$5:$E$154,経費帳!$B$5:$B$154,$A7,経費帳!$A$5:$A$154,">="&DATE($K$1,6,1),経費帳!$A$5:$A$154,"<"&DATE($K$1,7,1)) | H7: =SUMIFS(経費帳!$E$5:$E$154,経費帳!$B$5:$B$154,$A7,経費帳!$A$5:$A$154,">="&DATE($K$1,7,1),経費帳!$A$5:$A$154,"<"&DATE($K$1,8,1)) | I7: =SUMIFS(経費帳!$E$5:$E$154,経費帳!$B$5:$B$154,$A7,経費帳!$A$5:$A$154,">="&DATE($K$1,8,1),経費帳!$A$5:$A$154,"<"&DATE($K$1,9,1)) | J7: =SUMIFS(経費帳!$E$5:$E$154,経費帳!$B$5:$B$154,$A7,経費帳!$A$5:$A$154,">="&DATE($K$1,9,1),経費帳!$A$5:$A$154,"<"&DATE($K$1,10,1)) | K7: =SUMIFS(経費帳!$E$5:$E$154,経費帳!$B$5:$B$154,$A7,経費帳!$A$5:$A$154,">="&DATE($K$1,10,1),経費帳!$A$5:$A$154,"<"&DATE($K$1,11,1)) | L7: =SUMIFS(経費帳!$E$5:$E$154,経費帳!$B$5:$B$154,$A7,経費帳!$A$5:$A$154,">="&DATE($K$1,11,1),経費帳!$A$5:$A$154,"<"&DATE($K$1,12,1)) | M7: =SUMIFS(経費帳!$E$5:$E$154,経費帳!$B$5:$B$154,$A7,経費帳!$A$5:$A$154,">="&DATE($K$1,12,1),経費帳!$A$5:$A$154,"<"&DATE($K$1+1,1,1)) | N7: =SUM(B7:M7)
A8: 荷造運賃 | B8: =SUMIFS(経費帳!$E$5:$E$154,経費帳!$B$5:$B$154,$A8,経費帳!$A$5:$A$154,">="&DATE($K$1,1,1),経費帳!$A$5:$A$154,"<"&DATE($K$1,2,1)) | C8: =SUMIFS(経費帳!$E$5:$E$154,経費帳!$B$5:$B$154,$A8,経費帳!$A$5:$A$154,">="&DATE($K$1,2,1),経費帳!$A$5:$A$154,"<"&DATE($K$1,3,1)) | D8: =SUMIFS(経費帳!$E$5:$E$154,経費帳!$B$5:$B$154,$A8,経費帳!$A$5:$A$154,">="&DATE($K$1,3,1),経費帳!$A$5:$A$154,"<"&DATE($K$1,4,1)) | E8: =SUMIFS(経費帳!$E$5:$E$154,経費帳!$B$5:$B$154,$A8,経費帳!$A$5:$A$154,">="&DATE($K$1,4,1),経費帳!$A$5:$A$154,"<"&DATE($K$1,5,1)) | F8: =SUMIFS(経費帳!$E$5:$E$154,経費帳!$B$5:$B$154,$A8,経費帳!$A$5:$A$154,">="&DATE($K$1,5,1),経費帳!$A$5:$A$154,"<"&DATE($K$1,6,1)) | G8: =SUMIFS(経費帳!$E$5:$E$154,経費帳!$B$5:$B$154,$A8,経費帳!$A$5:$A$154,">="&DATE($K$1,6,1),経費帳!$A$5:$A$154,"<"&DATE($K$1,7,1)) | H8: =SUMIFS(経費帳!$E$5:$E$154,経費帳!$B$5:$B$154,$A8,経費帳!$A$5:$A$154,">="&DATE($K$1,7,1),経費帳!$A$5:$A$154,"<"&DATE($K$1,8,1)) | I8: =SUMIFS(経費帳!$E$5:$E$154,経費帳!$B$5:$B$154,$A8,経費帳!$A$5:$A$154,">="&DATE($K$1,8,1),経費帳!$A$5:$A$154,"<"&DATE($K$1,9,1)) | J8: =SUMIFS(経費帳!$E$5:$E$154,経費帳!$B$5:$B$154,$A8,経費帳!$A$5:$A$154,">="&DATE($K$1,9,1),経費帳!$A$5:$A$154,"<"&DATE($K$1,10,1)) | K8: =SUMIFS(経費帳!$E$5:$E$154,経費帳!$B$5:$B$154,$A8,経費帳!$A$5:$A$154,">="&DATE($K$1,10,1),経費帳!$A$5:$A$154,"<"&DATE($K$1,11,1)) | L8: =SUMIFS(経費帳!$E$5:$E$154,経費帳!$B$5:$B$154,$A8,経費帳!$A$5:$A$154,">="&DATE($K$1,11,1),経費帳!$A$5:$A$154,"<"&DATE($K$1,12,1)) | M8: =SUMIFS(経費帳!$E$5:$E$154,経費帳!$B$5:$B$154,$A8,経費帳!$A$5:$A$154,">="&DATE($K$1,12,1),経費帳!$A$5:$A$154,"<"&DATE($K$1+1,1,1)) | N8: =SUM(B8:M8)
A9: 水道光熱費 | B9: =SUMIFS(経費帳!$E$5:$E$154,経費帳!$B$5:$B$154,$A9,経費帳!$A$5:$A$154,">="&DATE($K$1,1,1),経費帳!$A$5:$A$154,"<"&DATE($K$1,2,1)) | C9: =SUMIFS(経費帳!$E$5:$E$154,経費帳!$B$5:$B$154,$A9,経費帳!$A$5:$A$154,">="&DATE($K$1,2,1),経費帳!$A$5:$A$154,"<"&DATE($K$1,3,1)) | D9: =SUMIFS(経費帳!$E$5:$E$154,経費帳!$B$5:$B$154,$A9,経費帳!$A$5:$A$154,">="&DATE($K$1,3,1),経費帳!$A$5:$A$154,"<"&DATE($K$1,4,1)) | E9: =SUMIFS(経費帳!$E$5:$E$154,経費帳!$B$5:$B$154,$A9,経費帳!$A$5:$A$154,">="&DATE($K$1,4,1),経費帳!$A$5:$A$154,"<"&DATE($K$1,5,1)) | F9: =SUMIFS(経費帳!$E$5:$E$154,経費帳!$B$5:$B$154,$A9,経費帳!$A$5:$A$154,">="&DATE($K$1,5,1),経費帳!$A$5:$A$154,"<"&DATE($K$1,6,1)) | G9: =SUMIFS(経費帳!$E$5:$E$154,経費帳!$B$5:$B$154,$A9,経費帳!$A$5:$A$154,">="&DATE($K$1,6,1),経費帳!$A$5:$A$154,"<"&DATE($K$1,7,1)) | H9: =SUMIFS(経費帳!$E$5:$E$154,経費帳!$B$5:$B$154,$A9,経費帳!$A$5:$A$154,">="&DATE($K$1,7,1),経費帳!$A$5:$A$154,"<"&DATE($K$1,8,1)) | I9: =SUMIFS(経費帳!$E$5:$E$154,経費帳!$B$5:$B$154,$A9,経費帳!$A$5:$A$154,">="&DATE($K$1,8,1),経費帳!$A$5:$A$154,"<"&DATE($K$1,9,1)) | J9: =SUMIFS(経費帳!$E$5:$E$154,経費帳!$B$5:$B$154,$A9,経費帳!$A$5:$A$154,">="&DATE($K$1,9,1),経費帳!$A$5:$A$154,"<"&DATE($K$1,10,1)) | K9: =SUMIFS(経費帳!$E$5:$E$154,経費帳!$B$5:$B$154,$A9,経費帳!$A$5:$A$154,">="&DATE($K$1,10,1),経費帳!$A$5:$A$154,"<"&DATE($K$1,11,1)) | L9: =SUMIFS(経費帳!$E$5:$E$154,経費帳!$B$5:$B$154,$A9,経費帳!$A$5:$A$154,">="&DATE($K$1,11,1),経費帳!$A$5:$A$154,"<"&DATE($K$1,12,1)) | M9: =SUMIFS(経費帳!$E$5:$E$154,経費帳!$B$5:$B$154,$A9,経費帳!$A$5:$A$154,">="&DATE($K$1,12,1),経費帳!$A$5:$A$154,"<"&DATE($K$1+1,1,1)) | N9: =SUM(B9:M9)
A10: 旅費交通費 | B10: =SUMIFS(経費帳!$E$5:$E$154,経費帳!$B$5:$B$154,$A10,経費帳!$A$5:$A$154,">="&DATE($K$1,1,1),経費帳!$A$5:$A$154,"<"&DATE($K$1,2,1)) | C10: =SUMIFS(経費帳!$E$5:$E$154,経費帳!$B$5:$B$154,$A10,経費帳!$A$5:$A$154,">="&DATE($K$1,2,1),経費帳!$A$5:$A$154,"<"&DATE($K$1,3,1)) | D10: =SUMIFS(経費帳!$E$5:$E$154,経費帳!$B$5:$B$154,$A10,経費帳!$A$5:$A$154,">="&DATE($K$1,3,1),経費帳!$A$5:$A$154,"<"&DATE($K$1,4,1)) | E10: =SUMIFS(経費帳!$E$5:$E$154,経費帳!$B$5:$B$154,$A10,経費帳!$A$5:$A$154,">="&DATE($K$1,4,1),経費帳!$A$5:$A$154,"<"&DATE($K$1,5,1)) | F10: =SUMIFS(経費帳!$E$5:$E$154,経費帳!$B$5:$B$154,$A10,経費帳!$A$5:$A$154,">="&DATE($K$1,5,1),経費帳!$A$5:$A$154,"<"&DATE($K$1,6,1)) | G10: =SUMIFS(経費帳!$E$5:$E$154,経費帳!$B$5:$B$154,$A10,経費帳!$A$5:$A$154,">="&DATE($K$1,6,1),経費帳!$A$5:$A$154,"<"&DATE($K$1,7,1)) | H10: =SUMIFS(経費帳!$E$5:$E$154,経費帳!$B$5:$B$154,$A10,経費帳!$A$5:$A$154,">="&DATE($K$1,7,1),経費帳!$A$5:$A$154,"<"&DATE($K$1,8,1)) | I10: =SUMIFS(経費帳!$E$5:$E$154,経費帳!$B$5:$B$154,$A10,経費帳!$A$5:$A$154,">="&DATE($K$1,8,1),経費帳!$A$5:$A$154,"<"&DATE($K$1,9,1)) | J10: =SUMIFS(経費帳!$E$5:$E$154,経費帳!$B$5:$B$154,$A10,経費帳!$A$5:$A$154,">="&DATE($K$1,9,1),経費帳!$A$5:$A$154,"<"&DATE($K$1,10,1)) | K10: =SUMIFS(経費帳!$E$5:$E$154,経費帳!$B$5:$B$154,$A10,経費帳!$A$5:$A$154,">="&DATE($K$1,10,1),経費帳!$A$5:$A$154,"<"&DATE($K$1,11,1)) | L10: =SUMIFS(経費帳!$E$5:$E$154,経費帳!$B$5:$B$154,$A10,経費帳!$A$5:$A$154,">="&DATE($K$1,11,1),経費帳!$A$5:$A$154,"<"&DATE($K$1,12,1)) | M10: =SUMIFS(経費帳!$E$5:$E$154,経費帳!$B$5:$B$154,$A10,経費帳!$A$5:$A$154,">="&DATE($K$1,12,1),経費帳!$A$5:$A$154,"<"&DATE($K$1+1,1,1)) | N10: =SUM(B10:M10)
A11: 通信費 | B11: =SUMIFS(経費帳!$E$5:$E$154,経費帳!$B$5:$B$154,$A11,経費帳!$A$5:$A$154,">="&DATE($K$1,1,1),経費帳!$A$5:$A$154,"<"&DATE($K$1,2,1)) | C11: =SUMIFS(経費帳!$E$5:$E$154,経費帳!$B$5:$B$154,$A11,経費帳!$A$5:$A$154,">="&DATE($K$1,2,1),経費帳!$A$5:$A$154,"<"&DATE($K$1,3,1)) | D11: =SUMIFS(経費帳!$E$5:$E$154,経費帳!$B$5:$B$154,$A11,経費帳!$A$5:$A$154,">="&DATE($K$1,3,1),経費帳!$A$5:$A$154,"<"&DATE($K$1,4,1)) | E11: =SUMIFS(経費帳!$E$5:$E$154,経費帳!$B$5:$B$154,$A11,経費帳!$A$5:$A$154,">="&DATE($K$1,4,1),経費帳!$A$5:$A$154,"<"&DATE($K$1,5,1)) | F11: =SUMIFS(経費帳!$E$5:$E$154,経費帳!$B$5:$B$154,$A11,経費帳!$A$5:$A$154,">="&DATE($K$1,5,1),経費帳!$A$5:$A$154,"<"&DATE($K$1,6,1)) | G11: =SUMIFS(経費帳!$E$5:$E$154,経費帳!$B$5:$B$154,$A11,経費帳!$A$5:$A$154,">="&DATE($K$1,6,1),経費帳!$A$5:$A$154,"<"&DATE($K$1,7,1)) | H11: =SUMIFS(経費帳!$E$5:$E$154,経費帳!$B$5:$B$154,$A11,経費帳!$A$5:$A$154,">="&DATE($K$1,7,1),経費帳!$A$5:$A$154,"<"&DATE($K$1,8,1)) | I11: =SUMIFS(経費帳!$E$5:$E$154,経費帳!$B$5:$B$154,$A11,経費帳!$A$5:$A$154,">="&DATE($K$1,8,1),経費帳!$A$5:$A$154,"<"&DATE($K$1,9,1)) | J11: =SUMIFS(経費帳!$E$5:$E$154,経費帳!$B$5:$B$154,$A11,経費帳!$A$5:$A$154,">="&DATE($K$1,9,1),経費帳!$A$5:$A$154,"<"&DATE($K$1,10,1)) | K11: =SUMIFS(経費帳!$E$5:$E$154,経費帳!$B$5:$B$154,$A11,経費帳!$A$5:$A$154,">="&DATE($K$1,10,1),経費帳!$A$5:$A$154,"<"&DATE($K$1,11,1)) | L11: =SUMIFS(経費帳!$E$5:$E$154,経費帳!$B$5:$B$154,$A11,経費帳!$A$5:$A$154,">="&DATE($K$1,11,1),経費帳!$A$5:$A$154,"<"&DATE($K$1,12,1)) | M11: =SUMIFS(経費帳!$E$5:$E$154,経費帳!$B$5:$B$154,$A11,経費帳!$A$5:$A$154,">="&DATE($K$1,12,1),経費帳!$A$5:$A$154,"<"&DATE($K$1+1,1,1)) | N11: =SUM(B11:M11)
A12: 広告宣伝費 | B12: =SUMIFS(経費帳!$E$5:$E$154,経費帳!$B$5:$B$154,$A12,経費帳!$A$5:$A$154,">="&DATE($K$1,1,1),経費帳!$A$5:$A$154,"<"&DATE($K$1,2,1)) | C12: =SUMIFS(経費帳!$E$5:$E$154,経費帳!$B$5:$B$154,$A12,経費帳!$A$5:$A$154,">="&DATE($K$1,2,1),経費帳!$A$5:$A$154,"<"&DATE($K$1,3,1)) | D12: =SUMIFS(経費帳!$E$5:$E$154,経費帳!$B$5:$B$154,$A12,経費帳!$A$5:$A$154,">="&DATE($K$1,3,1),経費帳!$A$5:$A$154,"<"&DATE($K$1,4,1)) | E12: =SUMIFS(経費帳!$E$5:$E$154,経費帳!$B$5:$B$154,$A12,経費帳!$A$5:$A$154,">="&DATE($K$1,4,1),経費帳!$A$5:$A$154,"<"&DATE($K$1,5,1)) | F12: =SUMIFS(経費帳!$E$5:$E$154,経費帳!$B$5:$B$154,$A12,経費帳!$A$5:$A$154,">="&DATE($K$1,5,1),経費帳!$A$5:$A$154,"<"&DATE($K$1,6,1)) | G12: =SUMIFS(経費帳!$E$5:$E$154,経費帳!$B$5:$B$154,$A12,経費帳!$A$5:$A$154,">="&DATE($K$1,6,1),経費帳!$A$5:$A$154,"<"&DATE($K$1,7,1)) | H12: =SUMIFS(経費帳!$E$5:$E$154,経費帳!$B$5:$B$154,$A12,経費帳!$A$5:$A$154,">="&DATE($K$1,7,1),経費帳!$A$5:$A$154,"<"&DATE($K$1,8,1)) | I12: =SUMIFS(経費帳!$E$5:$E$154,経費帳!$B$5:$B$154,$A12,経費帳!$A$5:$A$154,">="&DATE($K$1,8,1),経費帳!$A$5:$A$154,"<"&DATE($K$1,9,1)) | J12: =SUMIFS(経費帳!$E$5:$E$154,経費帳!$B$5:$B$154,$A12,経費帳!$A$5:$A$154,">="&DATE($K$1,9,1),経費帳!$A$5:$A$154,"<"&DATE($K$1,10,1)) | K12: =SUMIFS(経費帳!$E$5:$E$154,経費帳!$B$5:$B$154,$A12,経費帳!$A$5:$A$154,">="&DATE($K$1,10,1),経費帳!$A$5:$A$154,"<"&DATE($K$1,11,1)) | L12: =SUMIFS(経費帳!$E$5:$E$154,経費帳!$B$5:$B$154,$A12,経費帳!$A$5:$A$154,">="&DATE($K$1,11,1),経費帳!$A$5:$A$154,"<"&DATE($K$1,12,1)) | M12: =SUMIFS(経費帳!$E$5:$E$154,経費帳!$B$5:$B$154,$A12,経費帳!$A$5:$A$154,">="&DATE($K$1,12,1),経費帳!$A$5:$A$154,"<"&DATE($K$1+1,1,1)) | N12: =SUM(B12:M12)
A13: 接待交際費 | B13: =SUMIFS(経費帳!$E$5:$E$154,経費帳!$B$5:$B$154,$A13,経費帳!$A$5:$A$154,">="&DATE($K$1,1,1),経費帳!$A$5:$A$154,"<"&DATE($K$1,2,1)) | C13: =SUMIFS(経費帳!$E$5:$E$154,経費帳!$B$5:$B$154,$A13,経費帳!$A$5:$A$154,">="&DATE($K$1,2,1),経費帳!$A$5:$A$154,"<"&DATE($K$1,3,1)) | D13: =SUMIFS(経費帳!$E$5:$E$154,経費帳!$B$5:$B$154,$A13,経費帳!$A$5:$A$154,">="&DATE($K$1,3,1),経費帳!$A$5:$A$154,"<"&DATE($K$1,4,1)) | E13: =SUMIFS(経費帳!$E$5:$E$154,経費帳!$B$5:$B$154,$A13,経費帳!$A$5:$A$154,">="&DATE($K$1,4,1),経費帳!$A$5:$A$154,"<"&DATE($K$1,5,1)) | F13: =SUMIFS(経費帳!$E$5:$E$154,経費帳!$B$5:$B$154,$A13,経費帳!$A$5:$A$154,">="&DATE($K$1,5,1),経費帳!$A$5:$A$154,"<"&DATE($K$1,6,1)) | G13: =SUMIFS(経費帳!$E$5:$E$154,経費帳!$B$5:$B$154,$A13,経費帳!$A$5:$A$154,">="&DATE($K$1,6,1),経費帳!$A$5:$A$154,"<"&DATE($K$1,7,1)) | H13: =SUMIFS(経費帳!$E$5:$E$154,経費帳!$B$5:$B$154,$A13,経費帳!$A$5:$A$154,">="&DATE($K$1,7,1),経費帳!$A$5:$A$154,"<"&DATE($K$1,8,1)) | I13: =SUMIFS(経費帳!$E$5:$E$154,経費帳!$B$5:$B$154,$A13,経費帳!$A$5:$A$154,">="&DATE($K$1,8,1),経費帳!$A$5:$A$154,"<"&DATE($K$1,9,1)) | J13: =SUMIFS(経費帳!$E$5:$E$154,経費帳!$B$5:$B$154,$A13,経費帳!$A$5:$A$154,">="&DATE($K$1,9,1),経費帳!$A$5:$A$154,"<"&DATE($K$1,10,1)) | K13: =SUMIFS(経費帳!$E$5:$E$154,経費帳!$B$5:$B$154,$A13,経費帳!$A$5:$A$154,">="&DATE($K$1,10,1),経費帳!$A$5:$A$154,"<"&DATE($K$1,11,1)) | L13: =SUMIFS(経費帳!$E$5:$E$154,経費帳!$B$5:$B$154,$A13,経費帳!$A$5:$A$154,">="&DATE($K$1,11,1),経費帳!$A$5:$A$154,"<"&DATE($K$1,12,1)) | M13: =SUMIFS(経費帳!$E$5:$E$154,経費帳!$B$5:$B$154,$A13,経費帳!$A$5:$A$154,">="&DATE($K$1,12,1),経費帳!$A$5:$A$154,"<"&DATE($K$1+1,1,1)) | N13: =SUM(B13:M13)
A14: 損害保険料 | B14: =SUMIFS(経費帳!$E$5:$E$154,経費帳!$B$5:$B$154,$A14,経費帳!$A$5:$A$154,">="&DATE($K$1,1,1),経費帳!$A$5:$A$154,"<"&DATE($K$1,2,1)) | C14: =SUMIFS(経費帳!$E$5:$E$154,経費帳!$B$5:$B$154,$A14,経費帳!$A$5:$A$154,">="&DATE($K$1,2,1),経費帳!$A$5:$A$154,"<"&DATE($K$1,3,1)) | D14: =SUMIFS(経費帳!$E$5:$E$154,経費帳!$B$5:$B$154,$A14,経費帳!$A$5:$A$154,">="&DATE($K$1,3,1),経費帳!$A$5:$A$154,"<"&DATE($K$1,4,1)) | E14: =SUMIFS(経費帳!$E$5:$E$154,経費帳!$B$5:$B$154,$A14,経費帳!$A$5:$A$154,">="&DATE($K$1,4,1),経費帳!$A$5:$A$154,"<"&DATE($K$1,5,1)) | F14: =SUMIFS(経費帳!$E$5:$E$154,経費帳!$B$5:$B$154,$A14,経費帳!$A$5:$A$154,">="&DATE($K$1,5,1),経費帳!$A$5:$A$154,"<"&DATE($K$1,6,1)) | G14: =SUMIFS(経費帳!$E$5:$E$154,経費帳!$B$5:$B$154,$A14,経費帳!$A$5:$A$154,">="&DATE($K$1,6,1),経費帳!$A$5:$A$154,"<"&DATE($K$1,7,1)) | H14: =SUMIFS(経費帳!$E$5:$E$154,経費帳!$B$5:$B$154,$A14,経費帳!$A$5:$A$154,">="&DATE($K$1,7,1),経費帳!$A$5:$A$154,"<"&DATE($K$1,8,1)) | I14: =SUMIFS(経費帳!$E$5:$E$154,経費帳!$B$5:$B$154,$A14,経費帳!$A$5:$A$154,">="&DATE($K$1,8,1),経費帳!$A$5:$A$154,"<"&DATE($K$1,9,1)) | J14: =SUMIFS(経費帳!$E$5:$E$154,経費帳!$B$5:$B$154,$A14,経費帳!$A$5:$A$154,">="&DATE($K$1,9,1),経費帳!$A$5:$A$154,"<"&DATE($K$1,10,1)) | K14: =SUMIFS(経費帳!$E$5:$E$154,経費帳!$B$5:$B$154,$A14,経費帳!$A$5:$A$154,">="&DATE($K$1,10,1),経費帳!$A$5:$A$154,"<"&DATE($K$1,11,1)) | L14: =SUMIFS(経費帳!$E$5:$E$154,経費帳!$B$5:$B$154,$A14,経費帳!$A$5:$A$154,">="&DATE($K$1,11,1),経費帳!$A$5:$A$154,"<"&DATE($K$1,12,1)) | M14: =SUMIFS(経費帳!$E$5:$E$154,経費帳!$B$5:$B$154,$A14,経費帳!$A$5:$A$154,">="&DATE($K$1,12,1),経費帳!$A$5:$A$154,"<"&DATE($K$1+1,1,1)) | N14: =SUM(B14:M14)
A15: 修繕費 | B15: =SUMIFS(経費帳!$E$5:$E$154,経費帳!$B$5:$B$154,$A15,経費帳!$A$5:$A$154,">="&DATE($K$1,1,1),経費帳!$A$5:$A$154,"<"&DATE($K$1,2,1)) | C15: =SUMIFS(経費帳!$E$5:$E$154,経費帳!$B$5:$B$154,$A15,経費帳!$A$5:$A$154,">="&DATE($K$1,2,1),経費帳!$A$5:$A$154,"<"&DATE($K$1,3,1)) | D15: =SUMIFS(経費帳!$E$5:$E$154,経費帳!$B$5:$B$154,$A15,経費帳!$A$5:$A$154,">="&DATE($K$1,3,1),経費帳!$A$5:$A$154,"<"&DATE($K$1,4,1)) | E15: =SUMIFS(経費帳!$E$5:$E$154,経費帳!$B$5:$B$154,$A15,経費帳!$A$5:$A$154,">="&DATE($K$1,4,1),経費帳!$A$5:$A$154,"<"&DATE($K$1,5,1)) | F15: =SUMIFS(経費帳!$E$5:$E$154,経費帳!$B$5:$B$154,$A15,経費帳!$A$5:$A$154,">="&DATE($K$1,5,1),経費帳!$A$5:$A$154,"<"&DATE($K$1,6,1)) | G15: =SUMIFS(経費帳!$E$5:$E$154,経費帳!$B$5:$B$154,$A15,経費帳!$A$5:$A$154,">="&DATE($K$1,6,1),経費帳!$A$5:$A$154,"<"&DATE($K$1,7,1)) | H15: =SUMIFS(経費帳!$E$5:$E$154,経費帳!$B$5:$B$154,$A15,経費帳!$A$5:$A$154,">="&DATE($K$1,7,1),経費帳!$A$5:$A$154,"<"&DATE($K$1,8,1)) | I15: =SUMIFS(経費帳!$E$5:$E$154,経費帳!$B$5:$B$154,$A15,経費帳!$A$5:$A$154,">="&DATE($K$1,8,1),経費帳!$A$5:$A$154,"<"&DATE($K$1,9,1)) | J15: =SUMIFS(経費帳!$E$5:$E$154,経費帳!$B$5:$B$154,$A15,経費帳!$A$5:$A$154,">="&DATE($K$1,9,1),経費帳!$A$5:$A$154,"<"&DATE($K$1,10,1)) | K15: =SUMIFS(経費帳!$E$5:$E$154,経費帳!$B$5:$B$154,$A15,経費帳!$A$5:$A$154,">="&DATE($K$1,10,1),経費帳!$A$5:$A$154,"<"&DATE($K$1,11,1)) | L15: =SUMIFS(経費帳!$E$5:$E$154,経費帳!$B$5:$B$154,$A15,経費帳!$A$5:$A$154,">="&DATE($K$1,11,1),経費帳!$A$5:$A$154,"<"&DATE($K$1,12,1)) | M15: =SUMIFS(経費帳!$E$5:$E$154,経費帳!$B$5:$B$154,$A15,経費帳!$A$5:$A$154,">="&DATE($K$1,12,1),経費帳!$A$5:$A$154,"<"&DATE($K$1+1,1,1)) | N15: =SUM(B15:M15)
A16: 消耗品費 | B16: =SUMIFS(経費帳!$E$5:$E$154,経費帳!$B$5:$B$154,$A16,経費帳!$A$5:$A$154,">="&DATE($K$1,1,1),経費帳!$A$5:$A$154,"<"&DATE($K$1,2,1)) | C16: =SUMIFS(経費帳!$E$5:$E$154,経費帳!$B$5:$B$154,$A16,経費帳!$A$5:$A$154,">="&DATE($K$1,2,1),経費帳!$A$5:$A$154,"<"&DATE($K$1,3,1)) | D16: =SUMIFS(経費帳!$E$5:$E$154,経費帳!$B$5:$B$154,$A16,経費帳!$A$5:$A$154,">="&DATE($K$1,3,1),経費帳!$A$5:$A$154,"<"&DATE($K$1,4,1)) | E16: =SUMIFS(経費帳!$E$5:$E$154,経費帳!$B$5:$B$154,$A16,経費帳!$A$5:$A$154,">="&DATE($K$1,4,1),経費帳!$A$5:$A$154,"<"&DATE($K$1,5,1)) | F16: =SUMIFS(経費帳!$E$5:$E$154,経費帳!$B$5:$B$154,$A16,経費帳!$A$5:$A$154,">="&DATE($K$1,5,1),経費帳!$A$5:$A$154,"<"&DATE($K$1,6,1)) | G16: =SUMIFS(経費帳!$E$5:$E$154,経費帳!$B$5:$B$154,$A16,経費帳!$A$5:$A$154,">="&DATE($K$1,6,1),経費帳!$A$5:$A$154,"<"&DATE($K$1,7,1)) | H16: =SUMIFS(経費帳!$E$5:$E$154,経費帳!$B$5:$B$154,$A16,経費帳!$A$5:$A$154,">="&DATE($K$1,7,1),経費帳!$A$5:$A$154,"<"&DATE($K$1,8,1)) | I16: =SUMIFS(経費帳!$E$5:$E$154,経費帳!$B$5:$B$154,$A16,経費帳!$A$5:$A$154,">="&DATE($K$1,8,1),経費帳!$A$5:$A$154,"<"&DATE($K$1,9,1)) | J16: =SUMIFS(経費帳!$E$5:$E$154,経費帳!$B$5:$B$154,$A16,経費帳!$A$5:$A$154,">="&DATE($K$1,9,1),経費帳!$A$5:$A$154,"<"&DATE($K$1,10,1)) | K16: =SUMIFS(経費帳!$E$5:$E$154,経費帳!$B$5:$B$154,$A16,経費帳!$A$5:$A$154,">="&DATE($K$1,10,1),経費帳!$A$5:$A$154,"<"&DATE($K$1,11,1)) | L16: =SUMIFS(経費帳!$E$5:$E$154,経費帳!$B$5:$B$154,$A16,経費帳!$A$5:$A$154,">="&DATE($K$1,11,1),経費帳!$A$5:$A$154,"<"&DATE($K$1,12,1)) | M16: =SUMIFS(経費帳!$E$5:$E$154,経費帳!$B$5:$B$154,$A16,経費帳!$A$5:$A$154,">="&DATE($K$1,12,1),経費帳!$A$5:$A$154,"<"&DATE($K$1+1,1,1)) | N16: =SUM(B16:M16)
A17: 減価償却費 | B17: =SUMIFS(経費帳!$E$5:$E$154,経費帳!$B$5:$B$154,$A17,経費帳!$A$5:$A$154,">="&DATE($K$1,1,1),経費帳!$A$5:$A$154,"<"&DATE($K$1,2,1)) | C17: =SUMIFS(経費帳!$E$5:$E$154,経費帳!$B$5:$B$154,$A17,経費帳!$A$5:$A$154,">="&DATE($K$1,2,1),経費帳!$A$5:$A$154,"<"&DATE($K$1,3,1)) | D17: =SUMIFS(経費帳!$E$5:$E$154,経費帳!$B$5:$B$154,$A17,経費帳!$A$5:$A$154,">="&DATE($K$1,3,1),経費帳!$A$5:$A$154,"<"&DATE($K$1,4,1)) | E17: =SUMIFS(経費帳!$E$5:$E$154,経費帳!$B$5:$B$154,$A17,経費帳!$A$5:$A$154,">="&DATE($K$1,4,1),経費帳!$A$5:$A$154,"<"&DATE($K$1,5,1)) | F17: =SUMIFS(経費帳!$E$5:$E$154,経費帳!$B$5:$B$154,$A17,経費帳!$A$5:$A$154,">="&DATE($K$1,5,1),経費帳!$A$5:$A$154,"<"&DATE($K$1,6,1)) | G17: =SUMIFS(経費帳!$E$5:$E$154,経費帳!$B$5:$B$154,$A17,経費帳!$A$5:$A$154,">="&DATE($K$1,6,1),経費帳!$A$5:$A$154,"<"&DATE($K$1,7,1)) | H17: =SUMIFS(経費帳!$E$5:$E$154,経費帳!$B$5:$B$154,$A17,経費帳!$A$5:$A$154,">="&DATE($K$1,7,1),経費帳!$A$5:$A$154,"<"&DATE($K$1,8,1)) | I17: =SUMIFS(経費帳!$E$5:$E$154,経費帳!$B$5:$B$154,$A17,経費帳!$A$5:$A$154,">="&DATE($K$1,8,1),経費帳!$A$5:$A$154,"<"&DATE($K$1,9,1)) | J17: =SUMIFS(経費帳!$E$5:$E$154,経費帳!$B$5:$B$154,$A17,経費帳!$A$5:$A$154,">="&DATE($K$1,9,1),経費帳!$A$5:$A$154,"<"&DATE($K$1,10,1)) | K17: =SUMIFS(経費帳!$E$5:$E$154,経費帳!$B$5:$B$154,$A17,経費帳!$A$5:$A$154,">="&DATE($K$1,10,1),経費帳!$A$5:$A$154,"<"&DATE($K$1,11,1)) | L17: =SUMIFS(経費帳!$E$5:$E$154,経費帳!$B$5:$B$154,$A17,経費帳!$A$5:$A$154,">="&DATE($K$1,11,1),経費帳!$A$5:$A$154,"<"&DATE($K$1,12,1)) | M17: =SUMIFS(経費帳!$E$5:$E$154,経費帳!$B$5:$B$154,$A17,経費帳!$A$5:$A$154,">="&DATE($K$1,12,1),経費帳!$A$5:$A$154,"<"&DATE($K$1+1,1,1)) | N17: =SUM(B17:M17)
... A21: 雑費 | B21: =SUMIFS(経費帳!$E$5:$E$154,経費帳!$B$5:$B$154,$A21,経費帳!$A$5:$A$154,">="&DATE($K$1,1,1),経費帳!$A$5:$A$154,"<"&DATE($K$1,2,1)) | C21: =SUMIFS(経費帳!$E$5:$E$154,経費帳!$B$5:$B$154,$A21,経費帳!$A$5:$A$154,">="&DATE($K$1,2,1),経費帳!$A$5:$A$154,"<"&DATE($K$1,3,1)) | D21: =SUMIFS(経費帳!$E$5:$E$154,経費帳!$B$5:$B$154,$A21,経費帳!$A$5:$A$154,">="&DATE($K$1,3,1),経費帳!$A$5:$A$154,"<"&DATE($K$1,4,1)) | E21: =SUMIFS(経費帳!$E$5:$E$154,経費帳!$B$5:$B$154,$A21,経費帳!$A$5:$A$154,">="&DATE($K$1,4,1),経費帳!$A$5:$A$154,"<"&DATE($K$1,5,1)) | F21: =SUMIFS(経費帳!$E$5:$E$154,経費帳!$B$5:$B$154,$A21,経費帳!$A$5:$A$154,">="&DATE($K$1,5,1),経費帳!$A$5:$A$154,"<"&DATE($K$1,6,1)) | G21: =SUMIFS(経費帳!$E$5:$E$154,経費帳!$B$5:$B$154,$A21,経費帳!$A$5:$A$154,">="&DATE($K$1,6,1),経費帳!$A$5:$A$154,"<"&DATE($K$1,7,1)) | H21: =SUMIFS(経費帳!$E$5:$E$154,経費帳!$B$5:$B$154,$A21,経費帳!$A$5:$A$154,">="&DATE($K$1,7,1),経費帳!$A$5:$A$154,"<"&DATE($K$1,8,1)) | I21: =SUMIFS(経費帳!$E$5:$E$154,経費帳!$B$5:$B$154,$A21,経費帳!$A$5:$A$154,">="&DATE($K$1,8,1),経費帳!$A$5:$A$154,"<"&DATE($K$1,9,1)) | J21: =SUMIFS(経費帳!$E$5:$E$154,経費帳!$B$5:$B$154,$A21,経費帳!$A$5:$A$154,">="&DATE($K$1,9,1),経費帳!$A$5:$A$154,"<"&DATE($K$1,10,1)) | K21: =SUMIFS(経費帳!$E$5:$E$154,経費帳!$B$5:$B$154,$A21,経費帳!$A$5:$A$154,">="&DATE($K$1,10,1),経費帳!$A$5:$A$154,"<"&DATE($K$1,11,1)) | L21: =SUMIFS(経費帳!$E$5:$E$154,経費帳!$B$5:$B$154,$A21,経費帳!$A$5:$A$154,">="&DATE($K$1,11,1),経費帳!$A$5:$A$154,"<"&DATE($K$1,12,1)) | M21: =SUMIFS(経費帳!$E$5:$E$154,経費帳!$B$5:$B$154,$A21,経費帳!$A$5:$A$154,">="&DATE($K$1,12,1),経費帳!$A$5:$A$154,"<"&DATE($K$1+1,1,1)) | N21: =SUM(B21:M21)
A22: 経費の合計 | B22: =SUM(B6:B21) | C22: =SUM(C6:C21) | D22: =SUM(D6:D21) | E22: =SUM(E6:E21) | F22: =SUM(F6:F21) | G22: =SUM(G6:G21) | H22: =SUM(H6:H21) | I22: =SUM(I6:I21) | ... N22: =SUM(N6:N21)
A23: 差引(所得の目安) | B23: =B5-B22 | C23: =C5-C22 | D23: =D5-D22 | E23: =E5-E22 | F23: =F5-F22 | G23: =G5-G22 | H23: =H5-H22 | I23: =I5-I22 | ... N23: =N5-N22
A25: ※差引は、青色申告特別控除などを引く前の金額の目安です。家事と兼用の費用は、事業に使った割合の分だけを経費帳に入れます。

Sheet 売上帳
A1: 売上帳 20XX年
A2: 売上があった日(納品した日・サービスを提供した日)に入れます。数量と単価を入れると金額が自動で出ます。
A4: 日付 | B4: 取引先 | C4: 品名・内容 | D4: 数量 | E4: 単価 | F4: 金額(税込) | G4: 入金日 | H4: 入金方法
A5: 46032 | B5: ○○株式会社 | C5: ホームページ制作 | D5: 1 | E5: 220000 | F5: =IF(OR(D5="",E5=""),"",D5*E5) | G5: 46081 | H5: 振込
A6: 46047 | B6: △△商店 | C6: チラシのデザイン | D6: 1 | E6: 33000 | F6: =IF(OR(D6="",E6=""),"",D6*E6) | G6: 46081 | H6: 振込
A7: 46068 | B7: 個人のお客様 | C7: 写真撮影(1時間) | D7: 2 | E7: 11000 | F7: =IF(OR(D7="",E7=""),"",D7*E7) | G7: 46068 | H7: 現金
A8: 46086 | B8: ○○株式会社 | C8: サイトの更新作業 | D8: 3 | E8: 16500 | F8: =IF(OR(D8="",E8=""),"",D8*E8) | G8: 46142 | H8: 振込
F9: =IF(OR(D9="",E9=""),"",D9*E9)
F10: =IF(OR(D10="",E10=""),"",D10*E10)
F11: =IF(OR(D11="",E11=""),"",D11*E11)
F12: =IF(OR(D12="",E12=""),"",D12*E12)
F13: =IF(OR(D13="",E13=""),"",D13*E13)
F14: =IF(OR(D14="",E14=""),"",D14*E14)
F15: =IF(OR(D15="",E15=""),"",D15*E15)
F16: =IF(OR(D16="",E16=""),"",D16*E16)
F17: =IF(OR(D17="",E17=""),"",D17*E17)
F18: =IF(OR(D18="",E18=""),"",D18*E18)
F19: =IF(OR(D19="",E19=""),"",D19*E19)
F20: =IF(OR(D20="",E20=""),"",D20*E20)
... F154: =IF(OR(D154="",E154=""),"",D154*E154)

Sheet 経費帳
A1: 経費帳 20XX年
A2: 経費を払った日ごとに、勘定科目を一覧から選んで入れます。レシート・領収書は日付順に保管します。
A4: 日付 | B4: 勘定科目 | C4: 支払先 | D4: 内容 | E4: 金額(税込) | F4: 支払方法 | G4: 領収書
A5: 46027 | B5: 通信費 | C5: ○○通信 | D5: インターネット利用料 1月分 | E5: 5500 | F5: 口座振替 | G5: ○
A6: 46034 | B6: 消耗品費 | C6: ○○電機 | D6: マウス・USBメモリ | E6: 4980 | F6: カード | G6: ○
A7: 46042 | B7: 旅費交通費 | C7: ○○鉄道 | D7: 打ち合わせ 電車代 往復 | E7: 880 | F7: 現金
A8: 46053 | B8: 地代家賃 | C8: ○○不動産 | D8: 事務所家賃 1月分(事業用の割合50%) | E8: 40000 | F8: 振込 | G8: ○
A9: 46063 | B9: 外注工賃 | C9: △△デザイン | D9: イラスト制作 | E9: 22000 | F9: 振込 | G9: ○
A10: 46071 | B10: 接待交際費 | C10: ○○レストラン | D10: 取引先との会食 | E10: 8800 | F10: カード | G10: ○
